 Dungeon Crawl Stone Soup version 0.31-a0-1-g4198be8af4 (webtiles) character file.

Game seed: 9521133115809476421

536 CoinPitGoblin the Thaumaturge (level 7, -2/31 (37) HPs)
             Began as a Deep Elf Conjurer on May 1, 2023.
             Succumbed to a wight's poison
             ... on level 4 of the Dungeon.
             The game lasted 00:13:32 (4131 turns).

CoinPitGoblin the Thaumaturge (Deep Elf Conjurer)   Turns: 4131, Time: 00:13:33

HP:   -2/31 (37)    AC: 11    Str:  3 (4)  XL:     7   Next: 4%
MP:   8/20          EV: 12    Int: 24 (25) God:
Gold: 147           SH:  0    Dex: 12 (13) Spells: 12/22 levels left

rFire   . . .        i - +0 rapier
rCold   . . .        (no shield)
rNeg    . . .        a - +1 robe
rPois   .            l - +2 helmet
rElec   .            (no cloak)
rCorr   .            g - +0 pair of gloves
SInv    .            (no boots)
Will    .....        (no amulet)
Stlth   ++           h - +4 ring of protection
HPRegen 0.25/turn    (no ring)
MPRegen 0.17/turn

%: no passive effects
@: lethally poisoned (-2 -> -15), heavily drained
A: no striking features
a: no special abilities


You were on level 4 of the Dungeon.
You visited 1 branch of the dungeon, and saw 4 of its levels.

You collected 147 gold pieces.

Inventory:

Hand Weapons
 i - a +0 rapier (weapon)
Armour
 a - a +1 robe (worn)
 g - a +0 pair of gloves (worn)
 l - a +2 helmet (worn)
Jewellery
 h - a +4 ring of protection (left hand)
Wands
 m - a wand of iceblast (11)
Scrolls
 c - a scroll of magic mapping
 k - a scroll of vulnerability
Potions
 b - 2 potions of magic
 d - a potion of flight
 e - a potion of brilliance
 o - a potion of might


   Skills:
 + Level 0.5 Fighting
 + Level 3.0 Dodging
 - Level 2.4 Stealth
 + Level 8.3 Spellcasting
 - Level 5.0 Conjurations
 * Level 3.0 Hexes
 - Level 2.1 Earth Magic


You had 12 spell levels left.
You knew the following spells:

 Your Spells              Type           Power      Damage    Failure   Level
a - Magic Dart            Conj           100%       1d8       1%          1
b - Searing Ray           Conj           68%        2d6       1%          2
c - Sandblast             Erth           40%        2d10      2%          1
d - Passwall              Tmut/Erth      12%        N/A       6%          2
e - Summon Small Mammal   Summ           40%        N/A       6%          1
f - Summon Guardian Gole  Hex/Summ       17%        N/A       10%         3

Your spell library contained the following spells:

 Spells                   Type           Power      Damage    Failure   Level
 Dazzling Flash           Conj/Hex       58%        N/A       3%          3
 Stone Arrow              Conj/Erth      54%        3d10      4%          3
 Fulminant Prism          Conj/Hex       14%        3d9       12%         4
 Call Canine Familiar     Summ           10%        N/A       19%         3
 Iskenderun's Mystic Bla  Conj/Tloc      22%        2d6       22%         4


Dungeon Overview and Level Annotations

Branches:
Dungeon (4/15)
 Temple: D:4-7

Altars:


Message History

Your Dodging skill increases to level 3!
Your Hexes skill increases to level 3!
You have reached level 7!
Unknown command.
You feel better. The wight barely misses you.
You feel better.
The wight hits you with a +1 dagger of venom.
You feel drained.
You are lethally poisoned!
You feel better.
The wight hits you with a +1 dagger of venom.
You feel drained.
You are poisoned.
Okay, then.
You feel sick.
You feel sick.
Casting: Sandblast (safe; 2% risk of failure)
Confirm with . or Enter, or press ? or * to list all spells.
Aiming: Passwall (safe; 6% risk of failure)
Press: ? - help, Dir - move target A rock wall.
You feel sick.
The wight hits you with a +1 dagger of venom.
* * * LOW HITPOINT WARNING * * *
You begin to meditate on the wall.
You continue meditating on the rock.
You feel sick.
The wight hits you with a +1 dagger of venom.
* * * LOW HITPOINT WARNING * * *
You are lethally poisoned!
You continue meditating on the rock.
* * * LOW HITPOINT WARNING * * *
You feel very sick. The wight closely misses you.
You finish merging with the rock.
Unknown command.
Okay, then.
It was a potion of degeneration.
There was something very wrong with that liquid.
You feel weakened.
You feel dopey.
You feel clumsy.
You die...

#...##.......# ####...##...<...#
........#####...# . .[......#
#...# .# ........# #...#
############... ........#
#...###.............. ........#
#...'...###..)....... ........#
#...##..###.########. ........#
#...@#.z.)(.# ........#
#...###.#####
##.....######.......########
^..>.....................).###
##.....#####..........####...####
#...............................
#.#...#..............######.####
#.#.###...>................)).#
##.#.# #....................##.#


There were no monsters in sight!

Vanquished Creatures
  An ogre (D:4)
  3 wights (D:4)
  A gnoll bouda (D:4)
  9 gnolls
  3 adders
  4 dart slugs
  8 orcs
  6 endoplasms
  4 giant cockroaches
  8 goblins
  8 hobgoblins
  2 quokkas
  10 ball pythons
  3 bats
  2 frilled lizards (D:2)
  2 kobolds (D:3)
  12 rats
86 creatures vanquished.

Vanquished Creatures (collateral kills)
  9 rats (D:2)
9 creatures vanquished.

Vanquished Creatures (others)
  A wight (D:4)
1 creature vanquished.

Grand Total: 96 creatures vanquished

Notes
Turn   | Place    | Note
-------+----------+-------------------------------------------
     0 | D:1      | CoinPitGoblin the Deep Elf Conjurer began the quest for the
                  | Orb.
     0 | D:1      | Reached XP level 1. HP: 10/10 MP: 6/6
   157 | D:1      | Reached XP level 2. HP: 15/15 MP: 2/8
   533 | D:1      | Reached skill level 5 in Conjurations
  1231 | D:1      | Learned a level 2 spell: Searing Ray
  1233 | D:1      | Learned a level 1 spell: Sandblast
  1236 | D:1      | Learned a level 2 spell: Passwall
  1238 | D:1      | Learned a level 1 spell: Summon Small Mammal
  1707 | D:2      | Reached XP level 3. HP: 19/19 MP: 7/10
  1797 | D:2      | Reached skill level 4 in Spellcasting
  2038 | D:2      | Reached skill level 1 in Earth Magic
  2118 | D:2      | Learned a level 3 spell: Summon Guardian Golem
  2249 | D:3      | Reached XP level 4. HP: 24/24 MP: 9/12
  3165 | D:4      | Reached skill level 5 in Spellcasting
  3263 | D:4      | Reached skill level 1 in Hexes
  3266 | D:4      | Reached XP level 5. HP: 19/28 MP: 8/14
  3429 | D:4      | Reached skill level 6 in Spellcasting
  3769 | D:4      | Noticed an ogre
  3772 | D:4      | Killed an ogre
  3773 | D:4      | Reached skill level 7 in Spellcasting
  3773 | D:4      | Reached XP level 6. HP: 25/33 MP: 13/18
  4115 | D:4      | Reached skill level 8 in Spellcasting
  4123 | D:4      | Reached XP level 7. HP: 3/34 MP: 8/20
  4130 | D:4      | HP: 1/31 [poisoned by a wight]
  4131 | D:4      | Succumbed to a wight's poison

Illustrated notes

Levels and vault maps discovered:
D:1:      spicycebolla_arrival_xxxplode, layout_basic
D:2:      layout_rooms, minmay_rat_hole
D:3:      layout_basic
D:4:      layout_basic

Skill      XL: |  1  2  3  4  5  6 |
---------------+-------------------+-----
Conjurations   | 5 |  5.0
Spellcasting   | 4 5 7 8 |  8.3
Earth Magic    | 1 2 |  2.1
Hexes          | 1 2 3 |  3.0
Dodging        | 3 |  3.0
Fighting       | |  0.5
Stealth        | |  2.4

Action                     |  1- 3 |  4- 6 |  7- 9 || total
---------------------------+-------+-------+-------++-------
   Cast: Magic Dart        |    24 |       |       ||    24
         Sandblast         |    39 |    94 |       ||   133
         Summon Small Mamm |     6 |     1 |       ||     7
         Passwall          |     1 |     1 |     1 ||     3
         Summon Guardian G |       |     1 |       ||     1
    Use: Scroll            |    10 |     4 |       ||    14
         Potion            |       |       |     4 ||     4
 Armour: Robe              |    16 |    20 |       ||    36
  Dodge: Dodged            |    24 |    29 |     2 ||    55

Table legend: (Time is in decaauts)
 A = Elapsed time spent in this place.
 B = Non-inter-level travel time spent in this place.
 C = Inter-level travel time spent in this place.
 D = Time resting spent in this place.
 E = Time spent auto-exploring this place.
 F = Levels seen in this place.
 G = Mean time per level.
                   A        B        C        D        E       F      G
               +--------+--------+--------+--------+--------+-----+--------+
         Total |   4200 |   3678 |    522 |    130 |   2839 |   4 | 1050.0 |
       Dungeon |   4200 |   3678 |    522 |    130 |   2839 |   4 | 1050.0 |
               +--------+--------+--------+--------+--------+-----+--------+

Top non-repeatable levels by time:
     D:1: 1320 daAuts
     D:3: 1121 daAuts
     D:2: 895 daAuts
     D:4: 863 daAuts
